 Dungeon Crawl Stone Soup version 0.30-a0-6-g7c9e10e132 (webtiles) character file.

Game seed: 4407944295298745057

15 themarg the Frost Mage (level 2, 0/23 HPs)
             Began as a Gnoll Wanderer on Aug 22, 2022.
             Slain by a ball python (1 damage)
             ... on level 1 of the Dungeon.
             The game lasted 00:02:06 (895 turns).

themarg the Frost Mage (Gnoll Wanderer)              Turns: 895, Time: 00:02:06

Health: 0/23       AC:  3    Str: 11    XL:     2   Next: 50%
Magic:  7/7        EV:  8    Int: 10    God:
Gold:   5          SH:  0    Dex: 12    Spells: 9/10 levels left

rFire   . . .      SeeInvis .    a - +0 dagger
rCold   . . .      Faith    .    (no shield)
rNeg    . . .      Spirit   .    d - +0 leather armour
rPois   .          Reflect  .    (no helmet)
rElec   .          Harm     .    (no cloak)
rCorr   .          Rampage  .    (no gloves)
Will    .....                    (no boots)
Stlth   ++........               (no amulet)
HPRegen 0.07/turn                (no ring)
MPRegen 0.10/turn                (no ring)

@: constricted
A: fangs 1, strong nose, distributed training
a: no special abilities


You were on level 1 of the Dungeon.
You visited 1 branch of the dungeon, and saw 1 of its levels.

You collected 5 gold pieces.

Inventory:

Hand Weapons
 a - a +0 dagger (weapon)
Armour
 b - a +0 buckler
 d - a +0 leather armour (worn)
Scrolls
 c - a scroll of silence
 e - a scroll of teleportation
 f - a scroll of identify {unknown}
 g - a scroll of immolation {unknown}


   Skills:
 + Level 2.5 Fighting
 + Level 0.5 Short Blades
 + Level 0.5 Long Blades
 + Level 0.5 Axes
 + Level 0.5 Maces & Flails
 + Level 0.5 Polearms
 + Level 0.5 Staves
 + Level 0.5 Ranged Weapons
 + Level 0.5 Throwing
 + Level 0.5 Armour
 + Level 0.5 Dodging
 + Level 2.3 Stealth
 + Level 2.5 Shields
 + Level 0.5 Unarmed Combat
 + Level 4.9 Spellcasting
 + Level 0.3 Conjurations
 + Level 0.3 Hexes
 + Level 0.3 Summonings
 + Level 0.3 Necromancy
 + Level 0.3 Translocations
 + Level 0.3 Transmutations
 + Level 0.3 Fire Magic
 + Level 8.7 Ice Magic
 + Level 0.3 Air Magic
 + Level 0.3 Earth Magic
 + Level 0.3 Poison Magic
 + Level 0.6 Invocations
 + Level 0.5 Evocations


You had 9 spell levels left.
You knew the following spells:

 Your Spells              Type           Power      Damage    Failure   Level
a - Freeze                Ice            80%        1d9       1%          1

Your spell library contained the following spells:

 Spells                   Type           Power      Damage    Failure   Level
 Hailstorm                Conj/Ice       11%        3d5       43%         4
 Ice Form                 Ice/Tmut       11%        N/A       43%         4


Dungeon Overview and Level Annotations

Branches:
Dungeon (1/15)

Altars:


Innate Abilities, Weirdness & Mutations

You have very sharp teeth.
Your uncanny sense of smell can sniff out nearby items.
Your experience applies equally to all skills.


Message History

You continue taking off your +0 buckler.
The kobold closely misses you.
You continue taking off your +0 buckler.
The bat misses you. The kobold hits you with a +0 whip.
You finish taking off your +0 buckler.
You hit the kobold.
The kobold is severely wounded.
The bat hits you but does no damage. x2; The kobold hits you with a +0 whip.
You closely miss the kobold.
The kobold is severely wounded.
The bat hits you. The kobold closely misses you.
You hit the kobold but do no damage.
The kobold is severely wounded.
The bat closely misses you. The bat hits you but does no damage.
The kobold hits you with a +0 whip. The bat attacks as you move away!
The bat hits you but does no damage. The bat barely misses you.
A ball python comes into view.
The ball python hisses angrily. x2
You hit the bat.
You kill the bat!
You closely miss the kobold.
The kobold is heavily wounded.
The ball python closely misses you. The ball python barely misses you.
The kobold closely misses you.
You barely miss the kobold.
The kobold is heavily wounded.
The ball python bites you. The ball python misses you.
The kobold hits you with a +0 whip.
* * * LOW HITPOINT WARNING * * *
You hit the kobold but do no damage.
The kobold is heavily wounded.
The ball python bites you but does no damage.
The ball python grabs you. The ball python constricts you.
The kobold hits you with a +0 whip.
* * * LOW HITPOINT WARNING * * *
You hit the kobold.
You kill the kobold!
The ball python bites you.
You die...

##. #### # ##.. ...
.. #... #.. #. #...
#..# #.##########
#...
##..###..........#
#... #.....##
#.......# #...
#...#...###.......#
#... S?...
##.S)@.##..#### ##..
#._. #####S..†...#
######( ...
##..#>#.......... ..
#...##.######.#### .
...>####.....÷..####
####.....####.......
##.###.)÷...#...## ∆
#......######...#
#.####.# #...#


You could see 2 ball pythons.

Vanquished Creatures
  2 bats (D:1)
  An endoplasm (D:1)
  A giant cockroach (D:1)
  A hobgoblin (D:1)
  4 jackals (D:1)
  2 kobolds (D:1)
  A ball python (D:1)
  2 rats (D:1)
14 creatures vanquished.

Notes
Turn   | Place    | Note
-------+----------+-------------------------------------------
     0 | D:1      | themarg the Gnoll Wanderer began the quest for the Orb.
     0 | D:1      | themarg set off with the following items: a +0 dagger, a +0
                  | buckler, a scroll of silence, a +0 leather armour, a scroll
                  | of teleportation; and the following spell memorised:
                  | Freeze; and the following spells available to memorise:
                  | Hailstorm, Ice Form.
     0 | D:1      | Reached XP level 1. HP: 17/17 MP: 6/6
   416 | D:1      | Reached XP level 2. HP: 21/23 MP: 7/7
   875 | D:1      | Found a faded altar of an unknown god.
   894 | D:1      | HP: 1/23 [kobold/+0 whip (4)]
   895 | D:1      | Slain by a ball python

Illustrated notes

Levels and vault maps discovered:
D:1:      dpeg_arrival_signposts, layout_rooms,
          nicolae_ecumenical_snake_handling

Action                   || total
-------------------------++-------
Melee: Dagger            ||    94
       Bite              ||     7
Armor: Leather armour    ||    38
Dodge: Dodged            ||    57
Block: Buckler           ||    19

Table legend: (Time is in decaauts)
 A = Elapsed time spent in this place.
 B = Non-inter-level travel time spent in this place.
 C = Inter-level travel time spent in this place.
 D = Time resting spent in this place.
 E = Time spent auto-exploring this place.
 F = Levels seen in this place.
 G = Mean time per level.
                   A        B        C        D        E       F      G
               +--------+--------+--------+--------+--------+-----+--------+
         Total |    898 |    898 |      0 |    643 |     84 |   1 |  898.0 |
       Dungeon |    898 |    898 |      0 |    643 |     84 |   1 |  898.0 |
               +--------+--------+--------+--------+--------+-----+--------+

Top non-repeatable levels by time:
     D:1: 898 daAuts
